 Dungeon Crawl Stone Soup version 0.23.1 (webtiles) character file.

Game seed: 965712609620600692

351 Borgoz the Sneak (level 6, -7/48 HPs)
             Began as a Ghoul Enchanter on Mar 3, 2019.
             Shot with an arrow by a centaur (10 damage)
             ... on level 5 of the Dungeon.
             The game lasted 00:06:56 (3805 turns).

Borgoz the Sneak (Ghoul Enchanter)                  Turns: 3805, Time: 00:06:57

Health: -7/48      AC:  7    Str: 12    XL:     6   Next: 61%
Magic:  8/8        EV: 11    Int: 10    God:
Gold:   159        SH:  0    Dex: 11    Spells: 8/9 levels left

rFire    . . .     SeeInvis .   g - +1 dagger (venom)
rCold    + . .     Gourm    +   (no shield)
rNeg     + + +     Faith    .   k - +0 ring mail
rPois    ∞         Spirit   .   u - +0 helmet
rElec    .         Reflect  .   (no cloak)
rCorr    .         Harm     .   (no gloves)
MR       .....                  q - +0 pair of boots
Stlth    ++........             f - amulet "Voarhid" {Gourm rPois}
HPRegen  0.00/turn              (no ring)
MPRegen  0.11/turn              (no ring)

@: about to teleport, rotting
A: rotting body, claws 1, carnivore, cold resistance 1, negative energy
resistance 3, inhibited regeneration, torment resistance, unbreathing
a: no special abilities


You were on level 5 of the Dungeon.
You were not hungry.

You visited 1 branch of the dungeon, and saw 5 of its levels.

You collected 159 gold pieces.

Inventory:

Hand Weapons
 g - a +1 dagger of venom (weapon)
Missiles
 j - 2 tomahawks of returning (quivered)
 t - 22 poisoned needles
Armour
 k - a +0 ring mail (worn)
 q - a +0 pair of boots (worn)
 u - a +0 helmet (worn)
Jewellery
 f - the amulet "Voarhid" (around neck) {Gourm rPois}
   (You found it on level 4 of the Dungeon)

   [amulet of the gourmand]

   It allows you to eat raw meat even when not hungry.
   It protects you from poison.
 w - an uncursed ring of wizardry {unknown}
Scrolls
 b - a scroll of amnesia {unknown}
 c - a scroll of enchant weapon {unknown}
 h - a scroll of teleportation
 l - 2 scrolls of identify {unknown}
 m - a scroll of fear {unknown}
 n - a scroll of enchant armour {unknown}
 y - a scroll of magic mapping {unknown}
Potions
 a - a potion of experience {unknown}
 e - a potion of heal wounds {unknown}
 i - 2 potions of curing {unknown}
 o - a potion of invisibility {unknown}
 p - a potion of agility {unknown}
 r - a potion of brilliance {unknown}
 s - 3 potions of degeneration {unknown}
 v - 2 potions of lignification {unknown}
 x - a potion of ambrosia {unknown}
Comestibles
 d - 10 rations


   Skills:
 + Level 2.1 Fighting
 * Level 2.5 Short Blades
 + Level 0.0 Throwing
 * Level 2.2 Armour
 * Level 3.1 Dodging
 + Level 4.1 Stealth
 + Level 2.4 Spellcasting
 + Level 2.9 Hexes


You had 8 spell levels left.
You knew the following spells:

 Your Spells              Type           Power        Failure   Level  Hunger
a - Corona                Hex            #......      21%         1    ##.....

Your spell library contained the following spells:

 Spells                   Type           Power        Failure   Level  Hunger
 Ensorcelled Hibernation  Hex/Ice        #.....       50%         2    ###....
 Confuse                  Hex            #.......     52%         3    ####...
 Tukima's Dance           Hex            #.......     52%         3    ####...
 Dazzling Spray           Conj/Hex       #.....       73%         3    ####...


Dungeon Overview and Level Annotations

Branches:
Dungeon (5/15)
 Temple: D:4-7

Altars:
Elyvilon
Makhleb
Sif Muna
Uskayaw
Yredelemnul

Annotations:
D:5 1 runed translucent door, Crazy Yiuf


Innate Abilities, Weirdness & Mutations

Your body is rotting away.
You thrive on raw meat.
You are immune to poison.
You have sharp fingernails.
You are carnivorous and can eat meat at any time.
Your flesh is cold resistant. (rC+)
You are immune to negative energy. (rN+++)
You do not regenerate when monsters are visible.
You are immune to unholy pain and torment.
You can survive without breathing.


Message History

You resist with some effort. The centaur hits you.
You hit the centaur.
The centaur is poisoned.
The centaur is lightly wounded.
The orc priest barely misses you. The quokka bites you.
The phantom blinks!
The centaur hits you but does no damage.
You hit the orc priest.
The orc priest is poisoned.
The orc priest is heavily wounded.
The centaur closely misses you. The quokka barely misses you.
The orc priest calls down the wrath of Beogh upon you.
Beogh smites you!
* * * LOW HITPOINT WARNING * * *
The phantom blinks!
The centaur barely misses you.
As you read the scroll of teleportation, it crumbles to dust.
You feel strangely unstable. The quokka bites you.
* * * LOW HITPOINT WARNING * * *
The orc priest hits you but does no damage.
The centaur closely misses you. The quokka barely misses you.
The centaur wields a +0 shortbow.
The centaur shoots an arrow.
The arrow hits you!
You die...

## ### ...
...# ... ...#
###.## #..#
#.....##..#
......§#..#
...W.cc#..#
..._.oo...#
#####
.....or#@.####
#..)#
....%.o#.....#
#...# #
#.....##.#####
... #
###.####.# #+#
# .........#
♣♣.♣ ##
########.##
♣.♣♣ #. #..#
♣♣.♣ # ##.#
♣.♣♣ # #.#
♣♣.♣♣ #


You could see a phantom, 2 centaurs, an orc priest and an orc.

Vanquished Creatures
  2 scorpions
  An orc wizard (D:5)
  A worker ant (D:5)
  8 adders
  A shadow imp (D:4)
  4 oozes
  2 worms (D:3)
  2 dart slugs
  2 leopard geckos
  12 orcs
  4 giant cockroaches
  10 goblins
  4 hobgoblins
  4 jackals
  3 quokkas
  2 ball pythons
  4 bats
  7 frilled lizards
  14 kobolds
  5 rats
  3 bushes (D:1)
  A plant (D:1)
96 creatures vanquished.

Notes
Turn   | Place    | Note
-------+----------+-------------------------------------------
     0 | D:1      | Borgoz the Ghoul Enchanter began the quest for the Orb.
     0 | D:1      | Reached XP level 1. HP: 14/14 MP: 2/2
    35 | D:1      | Reached skill level 1 in Short Blades
    65 | D:1      | Reached XP level 2. HP: 2/20 MP: 3/3
    65 | D:1      | HP: 1/20 [bat (1)]
  1184 | D:1      | Reached XP level 3. HP: 22/27 MP: 4/4
  1296 | D:2      | Reached skill level 1 in Armour
  1449 | D:2      | Reached skill level 1 in Fighting
  1449 | D:2      | Reached XP level 4. HP: 16/35 MP: 6/6
  2097 | D:3      | Reached XP level 5. HP: 40/40 MP: 7/7
  2646 | D:4      | Found a white marble altar of Elyvilon.
  2653 | D:4      | Got a coiled bronze amulet
  2665 | D:4      | Identified the amulet "Voarhid" {Gourm rPois} (You found it
                  | on level 4 of the Dungeon)
  2741 | D:4      | Found a basalt altar of Yredelemnul.
  3081 | D:4      | Found a burning altar of Makhleb.
  3321 | D:5      | Entered Level 5 of the Dungeon
  3330 | D:5      | Reached skill level 4 in Stealth
  3330 | D:5      | Reached XP level 6. HP: 38/48 MP: 8/8
  3373 | D:5      | Noticed a phantom
  3410 | D:5      | Found a hide-covered altar of Uskayaw.
  3757 | D:5      | Found a runed translucent door.
  3758 | D:5      | Noticed Crazy Yiuf
  3790 | D:5      | Noticed a phantom
  3793 | D:5      | Found a deep blue altar of Sif Muna.
  3805 | D:5      | Shot with an arrow by a centaur

Skill      XL: |  1  2  3  4  5  6 |
---------------+-------------------+-----
Short Blades   | 1 2 |  2.5
Dodging        | 2 3 |  3.1
Armour         | 1 2 |  2.2
Spellcasting   | 2 |  2.4
Fighting       | 1 2 |  2.1
Stealth        | 4 |  4.1
Hexes          | |  2.9

Action                   |  1- 3 |  4- 6 || total
-------------------------+-------+-------++-------
Melee: Dagger            |   283 |   299 ||   582
 Cast: Corona            |       |     1 ||     1
  Use: Scroll            |     1 |     4 ||     5
 Stab: Sleeping          |     3 |     3 ||     6
  Eat: Chunk             |     8 |    26 ||    34
Armor: Robe              |    12 |       ||    12
       Ring mail         |     8 |    92 ||   100
Dodge: Dodged            |    40 |   168 ||   208
